 Dungeon Crawl Stone Soup version 0.30.1-11-g7821555f0a (webtiles) character file.

Game seed: 6137547788811917442

1092 Peloso the Carver (level 8, 0/70 HPs)
             Began as a Minotaur Fighter on Dec 12, 2023.
             Killed from afar by an electric eel (1 damage)
             ... with a bolt of electricity
             ... on level 6 of the Dungeon.
             The game lasted 00:07:35 (4763 turns).

Peloso the Carver (Minotaur Fighter)                Turns: 4763, Time: 00:07:35

Health: 0/70       AC: 17    Str: 21    XL:     8   Next: 9%
Magic:  7/7        EV:  7    Int:  5    God:
Gold:   287        SH:  5    Dex: 12    Spells: 7/7 levels left

rFire   . . .        a - +0 long sword
rCold   + . .        d - +0 buckler
rNeg    . . .        h - +3 plate armour of the Exiled Dances {rPois rC+ Stlth-}
rPois   +            (helmet restricted)
rElec   .            (no cloak)
rCorr   .            (no gloves)
SInv    .            c - +0 pair of boots
Will    .....        (no amulet) Stlth
                     (no ring)
HPRegen 0.31/turn    (no ring)
MPRegen 0.10/turn

%: no passive effects
@: no status effects
A: horns 2, retaliatory headbutt
a: no special abilities


You were on level 6 of the Dungeon.
You visited 1 branch of the dungeon, and saw 6 of its levels.

You collected 287 gold pieces.

Inventory:

Hand Weapons
 a - a +0 long sword (weapon)
Armour
 b - a +0 scale mail
 c - a +0 pair of boots (worn)
 d - a +0 buckler (worn)
 h - the +3 plate armour of the Exiled Dances (worn) {rPois rC+ Stlth-}
   (You found it on level 6 of the Dungeon)

   rC:        It protects you from cold.
   rPois:     It protects you from poison.
   Stlth:     It makes you less stealthy.
Jewellery
 m - a ring of fire
 q - a ring of willpower
Wands
 C - a wand of digging (5)
Scrolls
 i - a scroll of torment {unknown}
 j - 2 scrolls of fear {unknown}
 k - 2 scrolls of poison
 l - a scroll of enchant weapon {unknown}
 o - a scroll of blinking
 r - a scroll of immolation
 t - a scroll of brand weapon
 x - 2 scrolls of summoning
 y - 2 scrolls of enchant armour {unknown}
 z - 2 scrolls of vulnerability {unknown}
 A - a scroll of magic mapping {unknown}
Potions
 e - 2 potions of invisibility
 f - a potion of might
 g - a potion of berserk rage {unknown}
 n - a potion of mutation
 p - a potion of ambrosia {unknown}
 s - a potion of cancellation {unknown}
 u - a potion of curing
 B - a potion of brilliance


   Skills:
 + Level 5.7 Fighting
 + Level 8.0 Long Blades
 + Level 6.7 Armour
 + Level 2.4 Dodging
 + Level 0.2 Stealth
 + Level 4.7 Shields


You had 7 spell levels left.
You didn't know any spells.
Your spell library contained the following spells:

 Spells                   Type           Power      Damage    Failure   Level
 Sublimation of Blood     Necr           0%         N/A       100%        2
 Wereblood                Tmut           0%         N/A       100%        2
 Summon Hydra             Summ           0%         N/A       100%        7


Dungeon Overview and Level Annotations

Branches:
Dungeon (6/15)
 Temple: D:4-7

Altars:
Sif Muna
Yredelemnul

Annotations:
D:3 2 transporters, MrIGI's ghost, amateur AtFi


Innate Abilities, Weirdness & Mutations

You have a pair of horns on your head.
You reflexively headbutt those who attack you in melee.


Message History

The bolt of electricity hits you!
You start resting.
HP restored.
The electric eel shoots out a bolt of lightning at you!
The bolt of electricity hits you.
The electric eel shoots out a bolt of lightning at you!
The bolt of electricity hits you. x2
The bolt of electricity hits the electric eel.
The electric eel completely resists.
Unknown command.
You hit the electric eel.
The electric eel is moderately wounded.
The electric eel shoots out a bolt of lightning at you!
The bolt of electricity hits you! The bolt of electricity hits you.
The bolt of electricity hits the electric eel.
The electric eel completely resists.
You closely miss the electric eel.
The electric eel is moderately wounded.
The electric eel shoots out a bolt of lightning at you!
The bolt of electricity hits you!
You barely miss the electric eel.
The electric eel is moderately wounded.
The electric eel shoots out a bolt of lightning at you!
The bolt of electricity misses you. The bolt of electricity hits you!
The bolt of electricity hits the electric eel.
The electric eel completely resists.
Unknown command.
You miss the electric eel. Your headbutt misses the electric eel.
The electric eel is moderately wounded.
The electric eel shoots out a bolt of lightning at you!
The bolt of electricity hits you!
* * * LOW HITPOINT WARNING * * *
The bolt of electricity hits you!
* * * LOW HITPOINT WARNING * * *
The electric eel shoots out a bolt of lightning at you!
The bolt of electricity hits you!
* * * LOW HITPOINT WARNING * * *
The electric eel shoots out a bolt of lightning at you!
The bolt of electricity hits you.
You die...

.###......#....##..#..
.~~#..###......##..#.# ≈
~~.# ##.###.....#.#
~~≈~~≈####..##.###.#.#
#≈≈≈#~#....##.###.#.######
≈≈≈#≈~.###.....#..........
≈≈≈≈≈≈≈≈##...#######.######
~~≈≈≈~≈≈≈#......# #.#
).~~.#≈~S#@.....####.#
<.....~≈........##...#
?♣~?..~≈~###....##.#.###
~~~≈~≈≈≈≈# #....##.#...#
#~≈≈≈≈≈~##....#..[...#.#
~≈≈≈≈≈. #....+..#.#..<#
~~S≈≈~#..(...#>.#.###.#
~≈≈#~####....####. ..#
≈≈≈.# #....# ## ####


You could see an electric eel.

Vanquished Creatures
  A sky beast (D:6)
  A black bear (D:5)
  A phantom (D:6)
  3 scorpions
  An electric eel (D:6)
  A howler monkey (D:5)
  3 orc priests
  3 hounds
  A gnoll bouda (D:5)
  2 iguanas
  An orc wizard (D:6)
  7 adders
  11 gnolls
  2 ufetubi
  2 worms (D:2)
  10 dart slugs
  7 orcs
  2 ball pythons (D:2)
  10 bats
  3 endoplasms
  3 giant cockroaches
  6 hobgoblins
  12 jackals
  3 quokkas
  3 frilled lizards
  7 goblins
  6 kobolds
  7 rats
119 creatures vanquished.

Notes
Turn   | Place    | Note
-------+----------+-------------------------------------------
     0 | D:1      | Peloso the Minotaur Fighter began the quest for the Orb.
     0 | D:1      | Reached XP level 1. HP: 19/19 MP: 0/0
   153 | D:1      | Reached XP level 2. HP: 27/27 MP: 1/1
   275 | D:1      | Reached XP level 3. HP: 33/33 MP: 2/2
   710 | D:2      | Reached skill level 3 in Long Blades
   964 | D:2      | Reached XP level 4. HP: 39/40 MP: 3/3
  1142 | D:2      | Reached skill level 1 in Dodging
  1490 | D:3      | Found a transporter.
  1494 | D:3      | Noticed an ogre
  1494 | D:3      | Noticed an ogre
  1494 | D:3      | Noticed MrIGI's ghost (amateur AtFi)
  1509 | D:3      | Found a transporter.
  1651 | D:3      | Noticed a scorpion
  1658 | D:3      | Reached skill level 4 in Long Blades
  1672 | D:3      | Killed a scorpion
  1673 | D:3      | Reached skill level 5 in Armour
  1673 | D:3      | Reached XP level 5. HP: 46/47 MP: 4/4
  2073 | D:4      | Reached XP level 6. HP: 27/55 MP: 5/5
  2365 | D:4      | Reached skill level 5 in Long Blades
  2498 | D:4      | Found a shimmering blue altar of Sif Muna.
  2921 | D:5      | Entered Level 5 of the Dungeon
  3019 | D:5      | Reached skill level 5 in Fighting
  3082 | D:5      | Found a basalt altar of Yredelemnul.
  3202 | D:5      | Reached XP level 7. HP: 48/61 MP: 6/6
  3312 | D:5      | Reached skill level 6 in Long Blades
  3832 | D:6      | Identified the +3 plate armour of the Exiled Dances {rPois
                  | rC+ Stlth-}
  3875 | D:6      | Reached skill level 7 in Long Blades
  3887 | D:6      | Identified the +3 dagger of an ice cave {speed, *Corrode
                  | Fly MP+9 Dex+2}
  4397 | D:6      | HP: 3/61 [electric eel/bolt of electricity (8)]
  4398 | D:6      | Reached XP level 8. HP: 4/69 MP: 7/7
  4398 | D:6      | HP: 1/69 [electric eel/bolt of electricity (3)]
  4452 | D:6      | Reached skill level 8 in Long Blades
  4762 | D:6      | HP: 1/70 [electric eel/bolt of electricity (8)]
  4763 | D:6      | Killed from afar by an electric eel

Illustrated notes

Levels and vault maps discovered:
D:1:      tarquinn_simple_flora_water_a, layout_basic
D:2:      minmay_general_purpose_star, layout_basic
D:3:      layout_rooms, gammafunk_ghost_smash
D:4:      layout_basic, nicolae_sif_muna_little_library, feat_on_display
D:5:      layout_gridville, mainiacjoe_overflow_surrounded_room,
          chequers_mini_garden
D:6:      kennysheep_slugbush, layout_basic, mainiacjoe_overflow_cross_hatched

Skill      XL: |  1  2  3  4  5  6  7  8 |
---------------+-------------------------+-----
Fighting       | 4 5 |  5.7
Armour         | 4 5 6 |  6.7
Shields        | 4 |  4.7
Long Blades    | 3 4 5 7 8 |  8.0
Dodging        | 1 2 |  2.4
Stealth        | |  0.2

Action                     |  1- 3 |  4- 6 |  7- 9 || total
---------------------------+-------+-------+-------++-------
  Melee: Long sword        |    80 |   131 |   101 ||   312
         Headbutt          |    14 |    20 |    15 ||    49
    Use: Potion            |       |     5 |     2 ||     7
         Scroll            |       |     4 |     4 ||     8
 Armour: Scale mail        |    49 |    73 |    19 ||   141
         Plate armour      |       |       |    29 ||    29
  Dodge: Dodged            |    41 |    87 |    34 ||   162
  Block: Buckler           |    20 |    40 |    18 ||    78
